TOP OF THE 1ST |
Arizona Diamondbacks batting - Pitching for Pittsburgh Pirates : RHP Isaburo Ishihara
|
Pitching: RHP Isaburo Ishihara
|
|
Batting: LHB Roy Steigerwald
|
0-0: Ball 1-0: Ball 2-0: Ball 3-0: Base on Balls
|
Batting: RHB David Price Jr.
|
0-0: Ball 1-0: Foul Ball, location: 2F 1-1: Foul Ball, location: 2F 1-2: Ball 2-2: Fly out, F8 (Line Drive, 8LM, EV 100.0 MPH)
|
Batting: LHB Eric Klasek
|
0-0: Ball 1-0: Fly out, F7 (Flyball, 7D, EV 103.8 MPH)
|
Batting: SHB Alec Thorpe
|
0-0: Ball 1-0: Called Strike 1-1: Called Strike 1-2: Ball 2-2: Fly out, F8 (Flyball, 8RXD, EV 102.5 MPH)
|
Top of the 1st over - 0 runs, 0 hits, 0 errors, 1 left on base; Arizona 0 - Pittsburgh 0 |
BOTTOM OF THE 1ST |
Pittsburgh Pirates batting - Pitching for Arizona Diamondbacks : RHP Miguel Martinez
|
Pitching: RHP Miguel Martinez
|
|
Batting: RHB Jeckel Hester
|
0-0: Foul Ball, location: 2F 0-1: Swinging Strike 0-2: Strikes out swinging
|
Batting: RHB Eisse Bravenboer
|
0-0: Called Strike 0-1: Ball 1-1: Swinging Strike 1-2: SINGLE (Line Drive, 8LS, EV 96.9 MPH)
|
Batting: RHB Vincent Poopwell
|
0-0: Foul Ball, location: 2F 0-1: Foul Ball, location: 2F 0-2: Foul Ball, location: 2F 0-2: SINGLE (Line Drive, 6MD, EV 98.8 MPH) Eisse Bravenboer to second
|
Batting: SHB Marvin McAleer
|
0-0: Foul Ball, location: 2F 0-1: Ball Wild Pitch! Eisse Bravenboer to third Vincent Poopwell to second 1-1: Foul Ball, location: 2F 1-2: Ground out U3 (Groundball, 34S, EV 89.4 MPH) Eisse Bravenboer scores Vincent Poopwell to third
|
Batting: LHB Theodore Conboy
|
0-0: Called Strike 0-1: Ball 1-1: Foul Ball, location: 2F 1-2: Fly out, F7 (Flyball, 78M, EV 87.5 MPH)
|
Bottom of the 1st over - 1 run, 2 hits, 0 errors, 1 left on base; Arizona 0 - Pittsburgh 1 |
TOP OF THE 2ND |
Arizona Diamondbacks batting - Pitching for Pittsburgh Pirates : RHP Isaburo Ishihara
|
Batting: SHB Troy McClure
|
0-0: Foul Ball, location: 2F 0-1: Called Strike 0-2: Ball 1-2: Foul Ball, location: 2F 1-2: SINGLE (Flyball, 8RS, EV 88.1 MPH)
|
Batting: LHB Danny Dunham
|
0-0: Ball 1-0: Ball 2-0: Ball 3-0: Called Strike 3-1: Fly out, F6 (Line Drive, 6, EV 63.1 MPH)
|
Batting: SHB Perry Tuckfard
|
0-0: Called Strike 0-1: Ball 1-1: Fly out, F8 (Line Drive, 8RD, EV 101.9 MPH)
|
Batting: RHB Blake Ballard
|
0-0: Ball 1-0: Ball 2-0: Fly out, F7 (Flyball, 78XD, EV 98.8 MPH)
|
Top of the 2nd over - 0 runs, 1 hit, 0 errors, 1 left on base; Arizona 0 - Pittsburgh 1 |
BOTTOM OF THE 2ND |
Pittsburgh Pirates batting - Pitching for Arizona Diamondbacks : RHP Miguel Martinez
|
Batting: RHB Tommie Eaton
|
0-0: Called Strike 0-1: Ground out 6-3 (Groundball, 6S, EV 69.4 MPH)
|
Batting: RHB Raul Mendoza
|
0-0: Swinging Strike 0-1: Ball 1-1: Foul Ball, location: 2F 1-2: Ground out 5-3 (Groundball, 56, EV 94.4 MPH)
|
Batting: RHB Mike Thornton
|
0-0: Called Strike 0-1: Ball 1-1: Foul Ball, location: 2F 1-2: Strikes out looking
|
Bottom of the 2nd over - 0 runs, 0 hits, 0 errors, 0 left on base; Arizona 0 - Pittsburgh 1 |
TOP OF THE 3RD |
Arizona Diamondbacks batting - Pitching for Pittsburgh Pirates : RHP Isaburo Ishihara
|
Batting: LHB Kyle Beaulieu
|
0-0: Foul Ball, location: 2F 0-1: Foul Ball, location: 2F 0-2: Strikes out swinging
|
Batting: LHB Roy Steigerwald
|
0-0: Ball 1-0: SINGLE (Groundball, 34D, EV 111.3 MPH)
|
Batting: RHB David Price Jr.
|
0-0: Called Strike 0-1: Ball 1-1: DOUBLE (Flyball, 78XD, EV 111.3 MPH) Roy Steigerwald to third
|
Batting: LHB Eric Klasek
|
0-0: Swinging Strike 0-1: Swinging Strike 0-2: Ground out U3 (Groundball, 3, EV 97.5 MPH)
|
Batting: SHB Alec Thorpe
|
0-0: Called Strike 0-1: Swinging Strike 0-2: Fly out, F6 (Popup, 6D, EV 50.0 MPH)
|
Top of the 3rd over - 0 runs, 2 hits, 0 errors, 2 left on base; Arizona 0 - Pittsburgh 1 |
BOTTOM OF THE 3RD |
Pittsburgh Pirates batting - Pitching for Arizona Diamondbacks : RHP Miguel Martinez
|
Batting: RHB Andrew Robinson
|
0-0: Swinging Strike 0-1: Fly out, F8 (Flyball, 8LXD, EV 103.8 MPH)
|
Batting: RHB Jeckel Hester
|
0-0: Ball 1-0: Ball 2-0: Called Strike 2-1: Called Strike 2-2: Ball 3-2: Reached on error, E6 (Groundball, 6, EV 93.1 MPH)
|
Batting: RHB Eisse Bravenboer
|
0-0: Ball 1-0: Ball 2-0: Fly out, F9 (Flyball, 89D, EV 100.6 MPH)
|
Batting: RHB Vincent Poopwell
|
0-0: Ball 1-0: Foul Ball, location: 2F 1-1: Foul Ball, location: 2F 1-2: Foul Ball, location: 2F 1-2: Fly out, F9 (Flyball, 9S, EV 86.9 MPH)
|
Bottom of the 3rd over - 0 runs, 0 hits, 1 error, 1 left on base; Arizona 0 - Pittsburgh 1 |
TOP OF THE 4TH |
Arizona Diamondbacks batting - Pitching for Pittsburgh Pirates : RHP Isaburo Ishihara
|
Batting: SHB Troy McClure
|
0-0: Ball 1-0: Ball 2-0: Ball 3-0: Fly out, F9 (Flyball, 9LS, EV 80.0 MPH)
|
Batting: LHB Danny Dunham
|
0-0: Ball 1-0: Called Strike 1-1: Ball 2-1: Swinging Strike 2-2: Foul Ball, location: 2F 2-2: Strikes out looking
|
Batting: SHB Perry Tuckfard
|
0-0: Ball 1-0: Swinging Strike 1-1: Swinging Strike 1-2: Ball 2-2: Strikes out swinging
|
Top of the 4th over - 0 runs, 0 hits, 0 errors, 0 left on base; Arizona 0 - Pittsburgh 1 |
BOTTOM OF THE 4TH |
Pittsburgh Pirates batting - Pitching for Arizona Diamondbacks : RHP Miguel Martinez
|
Batting: SHB Marvin McAleer
|
0-0: Foul Ball, location: 2F 0-1: Fly out, F4 (Flyball, 4D, EV 93.1 MPH)
|
Batting: LHB Theodore Conboy
|
0-0: Ball 1-0: Ball 2-0: SINGLE (Groundball, 4MS, EV 75.0 MPH) (infield hit)
|
Batting: RHB Tommie Eaton
|
0-0: Ball 1-0: SINGLE (Groundball, 6MD, EV 103.8 MPH) Theodore Conboy to second Runner from 2nd tries for 3rd, OUT! 8-5
|
Batting: RHB Raul Mendoza
|
0-0: 2-RUN HOME RUN (Flyball, 7D, EV 100.0 MPH), Distance : 387 ft
|
Batting: RHB Mike Thornton
|
0-0: Ball 1-0: Ball 2-0: Swinging Strike 2-1: Swinging Strike 2-2: Strikes out swinging
|
Bottom of the 4th over - 2 runs, 3 hits, 0 errors, 0 left on base; Arizona 0 - Pittsburgh 3 |
TOP OF THE 5TH |
Arizona Diamondbacks batting - Pitching for Pittsburgh Pirates : RHP Isaburo Ishihara
|
Batting: RHB Blake Ballard
|
0-0: Foul Ball, location: 2F 0-1: Hit by Pitch
|
Batting: LHB Kyle Beaulieu
|
0-0: Ball 1-0: DOUBLE (Line Drive, 7LM, EV 105.0 MPH) Blake Ballard to third
|
Batting: LHB Roy Steigerwald
|
0-0: Ground out 6-3 (Groundball, 6S, EV 86.3 MPH) Blake Ballard scores Kyle Beaulieu to third
|
Batting: RHB David Price Jr.
|
0-0: Ball 1-0: Ball 2-0: Ball 3-0: Base on Balls
|
Batting: LHB Eric Klasek
|
0-0: Ball 1-0: Called Strike 1-1: Ball 2-1: Ball 3-1: Fielders Choice at 2nd, 2-4 (Groundball, 2L, EV 61.9 MPH)
|
Batting: SHB Alec Thorpe
|
0-0: Called Strike 0-1: Ball 1-1: Ball 2-1: Ball 3-1: Base on Balls Eric Klasek to second
|
Batting: SHB Troy McClure
|
0-0: Fly out, F9 (Flyball, 9S, EV 95.0 MPH)
|
Top of the 5th over - 1 run, 1 hit, 0 errors, 3 left on base; Arizona 1 - Pittsburgh 3 |
BOTTOM OF THE 5TH |
Pittsburgh Pirates batting - Pitching for Arizona Diamondbacks : RHP Miguel Martinez
|
Batting: RHB Andrew Robinson
|
0-0: Called Strike 0-1: Called Strike 0-2: Foul Ball, location: 2F 0-2: SINGLE (Groundball, 34S, EV 61.3 MPH) (infield hit)
|
Batting: RHB Jeckel Hester
|
0-0: Ball 1-0: Ball 2-0: Called Strike 2-1: Swinging Strike 2-2: Fly out, F9 (Line Drive, 9S, EV 91.9 MPH)
|
Batting: RHB Eisse Bravenboer
|
0-0: Ball 1-0: Grounds into double play, 4-6-3 (Groundball, 4, EV 79.4 MPH)
|
Bottom of the 5th over - 0 runs, 1 hit, 0 errors, 0 left on base; Arizona 1 - Pittsburgh 3 |
TOP OF THE 6TH |
Arizona Diamondbacks batting - Pitching for Pittsburgh Pirates : RHP Isaburo Ishihara
|
Batting: LHB Danny Dunham
|
0-0: Ball 1-0: Swinging Strike 1-1: Ball 2-1: Ball 3-1: Swinging Strike 3-2: Base on Balls
|
Batting: SHB Perry Tuckfard
|
0-0: Ball 1-0: Ball 2-0: Ball 3-0: Called Strike 3-1: Base on Balls Danny Dunham to second
|
Batting: RHB Blake Ballard
|
0-0: Hit by Pitch Danny Dunham to third Perry Tuckfard to second
|
Batting: LHB Kyle Beaulieu
|
0-0: Foul Ball, location: 2F 0-1: Swinging Strike 0-2: Foul Ball, location: 2F 0-2: Foul Ball, location: 2F 0-2: SINGLE (Groundball, 34, EV 97.5 MPH) Danny Dunham scores Perry Tuckfard to third Blake Ballard to second Runner from 3rd tries for Home, SAFE, throw by RF to home
|
Batting: LHB Roy Steigerwald
|
0-0: Foul Ball, location: 2F 0-1: Swinging Strike 0-2: Foul Ball, location: 2F 0-2: Ball 1-2: Grounds into double play, 4-6-3 (Groundball, 4, EV 105.0 MPH) Blake Ballard to third
|
Batting: RHB David Price Jr.
|
0-0: Ball 1-0: Swinging Strike 1-1: Ball 2-1: Foul Ball, location: 2F 2-2: DOUBLE (Line Drive, 7LM, EV 105.6 MPH) Blake Ballard scores
|
Batting: LHB Eric Klasek
|
0-0: Ball 1-0: Foul Ball, location: 2F 1-1: Ball 2-1: Called Strike 2-2: Ball 3-2: Fly out, F6 (Line Drive, 6, EV 61.3 MPH)
|
Top of the 6th over - 3 runs, 2 hits, 0 errors, 1 left on base; Arizona 4 - Pittsburgh 3 |
BOTTOM OF THE 6TH |
Pittsburgh Pirates batting - Pitching for Arizona Diamondbacks : RHP Miguel Martinez
|
Batting: RHB Vincent Poopwell
|
0-0: Fly out, F9 (Flyball, 9, EV 87.5 MPH)
|
Batting: SHB Marvin McAleer
|
0-0: Ground out 6-3 (Groundball, 4M, EV 83.1 MPH)
|
Batting: LHB Theodore Conboy
|
0-0: SINGLE (Groundball, 6MD, EV 102.5 MPH)
|
Batting: RHB Tommie Eaton
|
0-0: Ball 1-0: Ball 2-0: SINGLE (Line Drive, 34D, EV 98.1 MPH) Theodore Conboy to second Runner from 2nd tries for 3rd, SAFE, no throw by RF
|
Batting: RHB Raul Mendoza
|
0-0: Called Strike 0-1: Ball 1-1: Swinging Strike 1-2: Strikes out swinging
|
Bottom of the 6th over - 0 runs, 2 hits, 0 errors, 2 left on base; Arizona 4 - Pittsburgh 3 |
TOP OF THE 7TH |
Arizona Diamondbacks batting - Pitching for Pittsburgh Pirates : RHP Isaburo Ishihara
|
Pitching: LHP Tim Wichman
|
|
Batting: SHB Alec Thorpe
|
0-0: Foul Ball, location: 2F 0-1: Foul Ball, location: 2F 0-2: DOUBLE (Line Drive, 8LXD, EV 112.5 MPH)
|
Batting: SHB Troy McClure
|
0-0: Intentional Walk
|
Batting: RHB Shiro Suehiro
|
0-0: Called Strike 0-1: SINGLE (Groundball, 4MS, EV 65.6 MPH) (infield hit) Alec Thorpe to third Troy McClure to second
|
Batting: SHB Perry Tuckfard
|
0-0: Ball 1-0: Swinging Strike 1-1: SINGLE (Groundball, 56, EV 95.0 MPH) Alec Thorpe scores Troy McClure to third Shiro Suehiro to second
|
Batting: RHB Blake Ballard
|
0-0: Called Strike 0-1: Ball 1-1: Fly out, F8 (Flyball, 8RM, EV 95.6 MPH) Runner from 3rd tags up, OUT at HOME! 8-2 Shiro Suehiro to third Perry Tuckfard to second
|
Batting: LHB Kyle Beaulieu
|
0-0: Called Strike 0-1: Called Strike 0-2: Strikes out swinging
|
Top of the 7th over - 1 run, 3 hits, 0 errors, 2 left on base; Arizona 5 - Pittsburgh 3 |
BOTTOM OF THE 7TH |
Pittsburgh Pirates batting - Pitching for Arizona Diamondbacks : RHP Miguel Martinez
|
Batting: RHB Mike Thornton
|
0-0: Called Strike 0-1: Called Strike 0-2: Ball 1-2: Ball 2-2: Foul Ball, location: 2F 2-2: Fly out, F4 (Flyball, 4MD, EV 83.1 MPH)
|
Batting: RHB Andrew Robinson
|
0-0: Ball 1-0: Foul Ball, location: 2F 1-1: Ball 2-1: Ground out 6-3 (Groundball, 6, EV 81.3 MPH)
|
Batting: RHB Jeckel Hester
|
0-0: Ball 1-0: Swinging Strike 1-1: Ball 2-1: Reached via error on a dropped throw from 1B, E1 (Groundball, 34, EV 82.5 MPH)
|
Batting: RHB Eisse Bravenboer
|
0-0: Called Strike Jeckel Hester steals 2nd base 0-1: Ball 1-1: SINGLE (Flyball, 34D, EV 84.4 MPH) Jeckel Hester to third Runner from 3rd tries for Home, throw by RF and OUT! 9-2
|
Bottom of the 7th over - 0 runs, 1 hit, 1 error, 1 left on base; Arizona 5 - Pittsburgh 3 |
TOP OF THE 8TH |
Arizona Diamondbacks batting - Pitching for Pittsburgh Pirates : LHP Tim Wichman
|
Batting: LHB Roy Steigerwald
|
0-0: Foul Ball, location: 2F 0-1: Ball 1-1: Swinging Strike 1-2: Ball 2-2: Ball 3-2: Strikes out swinging
|
Batting: RHB David Price Jr.
|
0-0: Ball 1-0: Called Strike 1-1: SOLO HOME RUN (Flyball, 7LD, EV 90.6 MPH), Distance : 335 ft
|
Batting: LHB Eric Klasek
|
0-0: Ball 1-0: Fly out, F5 (Popup, 25, EV 94.4 MPH)
|
Batting: SHB Alec Thorpe
|
0-0: Called Strike 0-1: Called Strike 0-2: Ball 1-2: Ball 2-2: Ball 3-2: Foul Ball, location: 2F 3-2: Ground out 1-3 (Groundball, 13S, EV 65.0 MPH)
|
Top of the 8th over - 1 run, 1 hit, 0 errors, 0 left on base; Arizona 6 - Pittsburgh 3 |
BOTTOM OF THE 8TH |
Pittsburgh Pirates batting - Pitching for Arizona Diamondbacks : RHP Miguel Martinez
|
Batting: RHB Vincent Poopwell
|
0-0: Called Strike 0-1: Swinging Strike 0-2: Ball 1-2: Ball 2-2: Foul Ball, location: 2F 2-2: Fly out, F9 (Flyball, 9, EV 85.0 MPH)
|
Batting: SHB Marvin McAleer
|
0-0: Ball 1-0: TRIPLE (Flyball, 8LXD, EV 103.1 MPH)
|
Pitching: LHP Jose Rodriguez
|
|
Batting: LHB Theodore Conboy
|
0-0: Ball 1-0: Called Strike 1-1: Ball 2-1: Ball 3-1: Base on Balls
|
Pitching: RHP Willie Nieto
|
|
Batting: RHB Tommie Eaton
|
0-0: Ball 1-0: SINGLE (Groundball, 56, EV 99.4 MPH) Marvin McAleer scores Theodore Conboy to second
|
Batting: RHB Raul Mendoza
|
0-0: Ball 1-0: Fly out, F9 (Flyball, 9LD, EV 85.0 MPH) Runner from 2nd tags up, SAFE at 3rd, no throw by RF
|
Batting: RHB Mike Thornton
|
0-0: Called Strike 0-1: Fly out, F8 (Line Drive, 8RM, EV 91.9 MPH)
|
Bottom of the 8th over - 1 run, 2 hits, 0 errors, 2 left on base; Arizona 6 - Pittsburgh 4 |
TOP OF THE 9TH |
Arizona Diamondbacks batting - Pitching for Pittsburgh Pirates : LHP Tim Wichman
|
Pitching: RHP Kwang-sik Kim
|
|
Batting: SHB Troy McClure
|
0-0: Called Strike 0-1: Swinging Strike 0-2: Ball 1-2: Strikes out swinging
|
Batting: RHB Shiro Suehiro
|
0-0: SINGLE (Groundball, 25, EV 69.4 MPH) (infield hit)
|
Batting: SHB Perry Tuckfard
|
0-0: Ball Shiro Suehiro steals 2nd base 1-0: Intentional Walk
|
Batting: RHB Blake Ballard
|
0-0: Ball 1-0: Foul Ball, location: 2F 1-1: Foul Ball, location: 2F 1-2: Strikes out swinging
|
Batting: LHB Kyle Beaulieu
|
0-0: Ball 1-0: Ball 2-0: Ball 3-0: Foul Ball, location: 2F 3-1: Called Strike 3-2: Base on Balls Shiro Suehiro to third Perry Tuckfard to second
|
Batting: LHB Roy Steigerwald
|
0-0: Ball 1-0: Ball 2-0: Foul Ball, location: 2F 2-1: Ball 3-1: Called Strike 3-2: Base on Balls Shiro Suehiro scores Perry Tuckfard to third Kyle Beaulieu to second
|
Batting: RHB David Price Jr.
|
0-0: Ball 1-0: Fly out, F4 (Popup, 34, EV 53.1 MPH)
|
Top of the 9th over - 1 run, 1 hit, 0 errors, 3 left on base; Arizona 7 - Pittsburgh 4 |
BOTTOM OF THE 9TH |
Pittsburgh Pirates batting - Pitching for Arizona Diamondbacks : RHP Willie Nieto
|
Pitching: RHP Gerardo Camacho
|
|
Now at 1B: Valentin Laporte
|
|
Batting: RHB Andrew Robinson
|
0-0: Ball 1-0: Called Strike 1-1: Foul Ball, location: 2F 1-2: SINGLE (Groundball, 5D, EV 105.0 MPH)
|
Batting: RHB Jeckel Hester
|
0-0: Fly out, F8 (Flyball, 89D, EV 88.8 MPH)
|
Batting: RHB Eisse Bravenboer
|
0-0: Ball 1-0: Foul Ball, location: 2F 1-1: Ball 2-1: Foul Ball, location: 2F 2-2: Hit by Pitch Andrew Robinson to second
|
Batting: RHB Vincent Poopwell
|
0-0: Ball 1-0: TRIPLE (Flyball, 78XD, EV 103.1 MPH) Andrew Robinson scores Eisse Bravenboer scores
|
Batting: SHB Marvin McAleer
|
0-0: Called Strike 0-1: Called Strike 0-2: Ball 1-2: Ball Wild Pitch! Vincent Poopwell scores 2-2: Ball 3-2: Base on Balls
|
Batting: LHB Theodore Conboy
|
0-0: Ball Marvin McAleer steals 2nd base 1-0: Ground out U3 (Groundball, 3, EV 85.0 MPH) Marvin McAleer to third
|
Batting: RHB Tommie Eaton
|
0-0: Ball 1-0: Foul Ball, location: 2F 1-1: Ball 2-1: Ball 3-1: Called Strike 3-2: Base on Balls
|
Batting: RHB Raul Mendoza
|
0-0: Foul Ball, location: 2F 0-1: Ball 1-1: Ball Pickoff Throw by Catcher to First - Out!
|
Bottom of the 9th over - 3 runs, 2 hits, 0 errors, 1 left on base; Arizona 7 - Pittsburgh 7 |
TOP OF THE 10TH |
Arizona Diamondbacks batting - Pitching for Pittsburgh Pirates : RHP Kwang-sik Kim
|
Pitching: RHP Steve Grier
|
|
Batting: LHB Eric Klasek
|
0-0: Ball 1-0: Ball 2-0: Called Strike 2-1: Ground out 6-3 (Groundball, 6, EV 83.1 MPH)
|
Batting: SHB Alec Thorpe
|
0-0: Foul Ball, location: 2F 0-1: Swinging Strike 0-2: Strikes out swinging
|
Batting: SHB Troy McClure
|
0-0: Ball 1-0: Swinging Strike 1-1: SINGLE (Groundball, 4D, EV 95.0 MPH)
|
Batting: RHB Shiro Suehiro
|
0-0: Swinging Strike 0-1: Fly out, F9 (Line Drive, 9D, EV 100.0 MPH)
|
Top of the 10th over - 0 runs, 1 hit, 0 errors, 1 left on base; Arizona 7 - Pittsburgh 7 |
BOTTOM OF THE 10TH |
Pittsburgh Pirates batting - Pitching for Arizona Diamondbacks : RHP Gerardo Camacho
|
Pitching: RHP André Gaillard
|
|
Batting: RHB Raul Mendoza
|
0-0: Ball 1-0: Ball 2-0: Ball 3-0: Base on Balls
|
Batting: RHB Mike Thornton
|
0-0: Called Strike Raul Mendoza steals 2nd base (no throw) 0-1: Ball 1-1: Foul Ball, location: 2F 1-2: Foul Ball, location: 2F 1-2: DOUBLE (Line Drive, 89D, EV 108.8 MPH) Raul Mendoza scores
|
Bottom of the 10th over - 1 run, 1 hit, 0 errors, 0 left on base; Arizona 7 - Pittsburgh 8 |
|
Game Over ... Pittsburgh defeats Arizona, 8 to 7
|
|
|